cohdb
Replays
Latest Replays
All Replays
Popular Replays
Top Player Replays
Match Explorer
How It Works
Community
CoH3 Stats
Reddit
Sign in to upload your games and track your stats! →
Sign in with Steam
Match 44431685
Unlisted
Match 44431685
Overview
Messages
Build Orders
End
250 Light Carrier
Kradschützen Motorcycle Team
Panzergrenadier Squad
Construct Light Support Kompanie
2.5-tonne Medical Truck
Combat Half-tracks
MG34 Team
Fire Support Elements
Advanced Field Repairs
Flakvierling Half-track
Selects Panzerjäger Kommand Battlegroup
Selects Mine Fields
Selects Defensive Positions
Selects Tank Busters
Construct Mechanized Kompanie
Kradschützen Motorcycle Team
Vehicle Survival Package
StuG III D Assault Gun
Tungsten Core Ammunition
Advanced Optics
vinyl
Hacha BlancaB7
Bran
DrewP
0
0
Comments
sign in to comment!
No comments posted yet!